 Seeded DCSS version 0.28-a0-706-gf6f64a616a (webtiles) character file.

Game seed: 202110 (custom seed)

39 abrahamlauer the Digger (level 3, 0/21 HPs)
             Began as an Octopode Earth Elementalist on Oct 25, 2021.
             Was an Initiate of Ashenzari.
             Slain by a hobgoblin (3 damage)
             ... on level 2 of the Dungeon on Oct 26, 2021.
             The game lasted 00:14:09 (2147 turns).

abrahamlauer the Digger (OpEE)                      Turns: 2147, Time: 00:14:10

Health: 0/21       AC:  1    Str:  7    XL:     3   Next: 45%
Magic:  1/6        EV: 13    Int: 18    God:    Ashenzari [......]
Gold:   42         SH:  0    Dex: 12    Spells: 2/6 levels left

rFire   . . .      SeeInvis .   f - +0 spear
rCold   . . .      Faith    .   (no shield)
rNeg    . . .      Spirit   .   (helmet restricted)
rPois   .          Reflect  .   (no amulet)
rElec   .          Harm     .   (no ring)
rCorr   .          Rampage  .   (no ring)
Will    .....                   (no ring)
Stlth   +++.......              (no ring)
HPRegen 0.07/turn               (no ring)
MPRegen 0.10/turn               (no ring)
                                (no ring)
                                (no ring)

@: no status effects
A: almost no armour, amphibious, 8 rings, camouflage 1, gelatinous body 1,
(nimble swimmer 1), tentacles
a: Renounce Religion


You were on level 2 of the Dungeon.
You worshipped Ashenzari.
Ashenzari was noncommittal.
You visited 1 branch of the dungeon, and saw 2 of its levels.

You collected 42 gold pieces.

Inventory:

Hand Weapons
 f - a +0 spear (weapon)
Missiles
 b - 60 stones (quivered)
 c - 51 sling bullets
 e - 53 arrows
Scrolls
 a - a scroll of identify
Potions
 d - a potion of might
 g - a potion of ambrosia
 h - a potion of curing


   Skills:
 + Level 0.1 Fighting
 + Level 2.1 Dodging
 + Level 2.8 Stealth
 + Level 0.2 Unarmed Combat
 + Level 2.4 Spellcasting
 + Level 1.0 Transmutations
 + Level 3.8 Earth Magic


You had 2 spell levels left.
You knew the following spells:

 Your Spells              Type           Power      Damage    Failure   Level
a - Sandblast             Erth           32%        2d9       3%          1
b - Stone Arrow           Conj/Erth      18%        3d8       24%         3

Your spell library contained the following spells:

 Spells                   Type           Power      Damage    Failure   Level
 Passwall                 Tmut/Erth      9%         N/A       10%         2
 Swiftness                Air            2%         N/A       45%         3
 Petrify                  Tmut/Erth      11%        N/A       54%         4
 Invisibility             Hex            1%         N/A       100%        6


Dungeon Overview and Level Annotations

Branches:
Dungeon (2/15)

Altars:
Ashenzari


Innate Abilities, Weirdness & Mutations

You cannot wear most types of armour.
You are amphibious.
You can wear up to eight rings at the same time.
Your skin changes colour to match your surroundings (Stealth+).
Your rubbery body absorbs attacks. (AC +1, EV +1)
((You are camouflaged near water. (Stealth+)))
You have tentacles for arms and can constrict up to eight enemies at once.


Message History

Confirm with . or Enter, or press ? or * to list all spells.
The spell is extremely dangerous to cast (24% risk of failure)!
Continue anyway?
Aiming: Stone Arrow (extremely dangerous; 24% risk of failure)
Press: ? - help, Shift-Dir - straight line, f - hobgoblin
Aim: a hobgoblin (wandering, hasn't noticed you, 64% to hit)
The stone arrow misses the hobgoblin.
The hobgoblin shouts!
You hear an angry hiss.
Casting: Stone Arrow (extremely dangerous; 24% risk of failure)
Confirm with . or Enter, or press ? or * to list all spells.
Aiming: Sandblast (safe; 3% risk of failure)
Press: ? - help, Shift-Dir - straight line, f/p - hobgoblin
Aim: a hobgoblin (79% to hit)
The blast of sand misses the hobgoblin.
b - 61 stones
Casting: Sandblast (safe; 3% risk of failure)
Confirm with . or Enter, or press ? or * to list all spells.
Aiming: Sandblast (safe; 3% risk of failure)
Press: ? - help, Shift-Dir - straight line, f/p - hobgoblin
Aim: a hobgoblin (79% to hit)
The blast of sand hits the hobgoblin.
The hobgoblin is lightly wounded.
b - 60 stones The hobgoblin misses you.
You barely miss the hobgoblin. Your grab misses the hobgoblin.
The hobgoblin is lightly wounded.
The hobgoblin misses you.
You closely miss the hobgoblin. Your grab misses the hobgoblin.
The hobgoblin hits you.
You hit the hobgoblin but do no damage. You grab the hobgoblin.
You constrict the hobgoblin. The hobgoblin hits you.
The hobgoblin completely misses you.
You hit the hobgoblin.
The hobgoblin is moderately wounded.
You constrict the hobgoblin. The hobgoblin hits you.
* * * LOW HITPOINT WARNING * * *
You hit the hobgoblin but do no damage.
The hobgoblin is heavily wounded.
You constrict the hobgoblin, but do no damage.
The hobgoblin hits you.
You die...

.######.#......#
##.###
...............#
######.#<..
##########.....#
...........
##...##
###########
##.####.#
####.#....##
#.<......g.#
#.##g#.#...S #
#@#.# .# #.# #
#........
###.###.. ..#
... .### . ##


You could see a hobgoblin.

Vanquished Creatures
  3 ball pythons
  6 endoplasms
  A giant cockroach (D:1)
  2 goblins
  6 hobgoblins
  3 jackals (D:2)
  7 bats
  4 kobolds (D:1)
  4 rats
36 creatures vanquished.

Notes
Turn   | Place    | Note
-------+----------+-------------------------------------------
     0 | D:1      | abrahamlauer the Octopode Earth Elementalist began the
                  | quest for the Orb.
     0 | D:1      | Reached XP level 1. HP: 11/11 MP: 3/3
   305 | D:1      | Reached XP level 2. HP: 17/17 MP: 3/5
   306 | D:1      | Noticed a great orb of eyes
   308 | D:1      | Found a faded altar of an unknown god.
   592 | D:1      | Noticed a floating eye
   592 | D:1      | Noticed a floating eye
   592 | D:1      | Noticed a golden eye
  1009 | D:1      | Reached XP level 3. HP: 21/21 MP: 3/6
  1626 | D:2      | Found a broken altar of Ashenzari.
  1923 | D:2      | Became a worshipper of Ashenzari the Shackled
  1937 | D:2      | Learned a level 3 spell: Stone Arrow
  2147 | D:2      | Slain by a hobgoblin

Illustrated notes

Levels and vault maps discovered:
D:1:      psy_arrival_terrarium, layout_basic,
          hellmonk_ecumenical_altar_watching_god
D:2:      layout_loops_ring, basic_altar

Action                   || total
-------------------------++-------
Melee: Unarmed           ||    28
       Constrict         ||    14
       Tentacles         ||    12
       Spear             ||    28
Throw: Stone             ||     1
 Cast: Sandblast         ||    28
       Stone Arrow       ||     3
 Stab: Sleeping          ||     5
Armor: Skin              ||    10
Dodge: Dodged            ||    36

Table legend: (Time is in decaauts)
 A = Elapsed time spent in this place.
 B = Non-inter-level travel time spent in this place.
 C = Inter-level travel time spent in this place.
 D = Time resting spent in this place.
 E = Time spent auto-exploring this place.
 F = Levels seen in this place.
 G = Mean time per level.
                   A        B        C        D        E       F      G
               +--------+--------+--------+--------+--------+-----+--------+
         Total |   2148 |   2148 |      0 |    696 |    989 |   2 | 1074.0 |
       Dungeon |   2148 |   2148 |      0 |    696 |    989 |   2 | 1074.0 |
               +--------+--------+--------+--------+--------+-----+--------+

Top non-repeatable levels by time:
     D:1: 1567 daAuts
     D:2: 580 daAuts
